 Dungeon Crawl Stone Soup version 0.30-a0-802-gb92711bcdf (webtiles) character file.

Game seed: 13156395185813464997

1145 jimonade the Covered (level 8, 0/57 HPs)
             Began as a Djinni Warper on Feb 23, 2023.
             Slain by a wight
             ... wielding a +0 battleaxe
              (5 damage)
             ... on level 6 of the Dungeon.
             The game lasted 00:16:33 (6397 turns).

jimonade the Covered (Djinni Warper)                Turns: 6397, Time: 00:16:34

Health: 0/57       AC:  9    Str: 12    XL:     8   Next: 64%
Gold:   320        EV: 11    Int: 21    God:
                   SH:  0    Dex: 13

rFire   + + .      SeeInvis .    a - +3 dagger (venom)
rCold   x . .      Faith    .    (no shield)
rNeg    . . .      Spirit   .    q - +1 ring mail {rPois}
rPois   ∞          Reflect  .    u - +0 helmet
rElec   .          Harm     .    B - +0 cloak
rCorr   .          Rampage  .    (no gloves)
Will    .....                    (boots unavailable)
Stlth   +                        (no amulet)
HPRegen 0.29/turn                r - +6 ring of intelligence
MPRegen 0.00/turn                (no ring)

@: flying
A: sickness immunity, fire resistance 2, cold vulnerability 1, float, innate
caster, HP casting, extra vitality 1
a: no special abilities


You were on level 6 of the Dungeon.
You visited 1 branch of the dungeon, and saw 6 of its levels.
You also visited: Sewer.

You collected 320 gold pieces.

Inventory:

Hand Weapons
 a - a +3 dagger of venom (weapon)
 l - a +0 mace
 s - a +0 long sword
 F - a +0 spear of venom
Missiles
 d - 4 boomerangs of dispersal (quivered)
 t - 10 poisoned darts
 y - 4 javelins
Armour
 b - a +0 leather armour
 q - a +1 ring mail of poison resistance (worn)
 u - a +0 helmet (worn)
 w - the +0 scale mail "Wompir" {rCorr Str+3 SInv}
   (You found it on level 3 of the Dungeon)

   Str:       It affects your strength (+3).
   SInv:      It lets you see invisible.
   rCorr:     It protects you from acid and corrosion.
 B - a +0 cloak (worn)
 E - a +0 chain mail
Magical Staves
 h - a staff of cold
Jewellery
 r - a +6 ring of intelligence (left hand)
Wands
 o - a wand of roots (13)
Scrolls
 c - 2 scrolls of blinking
 e - a scroll of fog {unknown}
 g - a scroll of butterflies {unknown}
 i - 2 scrolls of noise {unknown}
 k - a scroll of enchant armour {unknown}
 m - a scroll of amnesia {unknown}
 n - 8 scrolls of identify {unknown}
 p - 2 scrolls of fear {unknown}
 v - 2 scrolls of brand weapon {unknown}
 x - 5 scrolls of teleportation
 A - 2 scrolls of poison {unknown}
 H - a scroll of magic mapping {unknown}
Potions
 f - 2 potions of might {unknown}
 j - 4 potions of curing {unknown}
 z - a potion of cancellation {unknown}
 C - a potion of resistance {unknown}
 D - 2 potions of haste {unknown}
 G - a potion of degeneration {unknown}


   Skills:
 + Level 3.6 Fighting
 - Level 4.2 Short Blades
 + Level 1.9 Maces & Flails
 + Level 1.7 Throwing
 + Level 4.8 Armour
 + Level 3.8 Dodging
 + Level 0.6 Stealth
 * Level 4.1 Spellcasting


You knew the following spells:

 Your Spells              Type           Power      Damage    Failure   Level
a - Blink                 Tloc           42%        N/A       7%          2
b - Lesser Beckoning      Tloc           42%        N/A       7%          2
c - Vhi's Electric Charg  Tloc/Air       42%        N/A       14%         3
d - Teleport Other        Tloc           21%        N/A       14%         3
e - Manifold Assault      Tloc           21%        N/A       43%         4
f - Kiss of Death         Conj/Necr      84%        2d11      4%          1
g - Passwall              Tmut/Erth      17%        N/A       7%          2
h - Call Canine Familiar  Summ           21%        N/A       14%         3
Your spell library was empty.

Dungeon Overview and Level Annotations

Branches:
Dungeon (6/15)              Sewer (visited)
 Temple: D:4-7

Altars:
Ashenzari
Cheibriados
Fedhas
Qazlal
Wu Jian
The Shining One

Shops:
D:2 :   D:4 *


Innate Abilities, Weirdness & Mutations

You are immune to sickness and miasma.
You are immune to poison.
Your flesh is very heat resistant. (rF++)
You are vulnerable to cold. (rC-)
You float through the air rather than walking.
You learn spells naturally, not from books.
Your magical power is your life essence.
You have superior vitality. (+4 MHP)


Message History

The wight is lightly damaged.
Your hound closely misses the wight.
The wight barely misses you.
The wight hits your hound with a +0 battleaxe.
You hit the wight.
The wight is moderately damaged.
Your hound closely misses the wight.
Your hound bites the wight.
You hit the wight but do no damage.
The wight is moderately damaged.
The wight hits you with a +0 battleaxe!
The wight hits your hound with a +0 battleaxe!
The wight drains your hound.
Your hound dies!
Your hound's corpse disappears in a puff of smoke!
You closely miss the wight.
The wight is moderately damaged.
The wight hits you with a +0 battleaxe.
You closely miss the wight.
The wight is moderately damaged.
The wight hits you but does no damage.
Sorry, you're not good enough to have a special ability.
The wight attacks as you move away! The wight hits you with a +0 battleaxe!
Unknown command.
Casting: Call Canine Familiar (dangerous; 14% risk of failure)
Confirm with . or Enter, or press ? or * to list all spells.
The wight hits you with a +0 battleaxe!
* * * LOW HITPOINT WARNING * * *
The wight hits your hound with a +0 battleaxe!
You hit the wight.
The wight is heavily damaged.
Your hound bites the wight but does no damage.
The wight hits you with a +0 battleaxe.
* * * LOW HITPOINT WARNING * * *
The wight hits your hound with a +0 battleaxe.
You hit the wight but do no damage.
The wight is heavily damaged.
Your hound bites the wight but does no damage.
You hit the wight.
The wight is heavily damaged.
The wight hits you with a +0 battleaxe.
You die...

#.......##.#
#.......##.##
#........†..#
#......###..#
#......#.#..##
..#......#.....#
..........#.#.###
##...####.#.#.#
......#@z.#...#
.#.......#h#.###
#.###...#...# #.
.....#...#
.....#.#..##
............
####....#####
...... ##


You could see a wight (ally target) and a friendly hound (summoned).

Vanquished Creatures
  A water moccasin (D:6)
  An ice beast (D:5)
  3 black bears
  A phantom (D:5)
  A kobold brigand (D:6)
  A howler monkey (D:4)
  2 jellies (D:5)
  2 hounds
  An iguana (D:6)
  A sickly merfolk siren (Sewer)
  A malarious merfolk avatar (Sewer)
  4 adders
  3 gnolls (D:4)
  A river rat (Sewer)
  3 white imps
  An ufetubus (D:4)
  4 worms
  5 dart slugs
  6 orcs
  5 endoplasms
  10 giant cockroaches
  3 goblins
  6 hobgoblins
  9 jackals
  11 kobolds
  7 quokkas
  13 ball pythons
  2 bats (D:2)
  8 frilled lizards
  2 goblin skeletons (D:3)
  A goblin zombie (D:3)
  A hobgoblin zombie (D:3)
  3 kobold skeletons (D:3)
  3 kobold zombies (D:3)
  22 rats
148 creatures vanquished.

Vanquished Creatures (collateral kills)
  A wight (D:5)
1 creature vanquished.

Grand Total: 149 creatures vanquished

Notes
Turn   | Place    | Note
-------+----------+-------------------------------------------
     0 | D:1      | jimonade the Djinni Warper began the quest for the Orb.
     0 | D:1      | jimonade set off with the following spells memorised:
                  | Blink, Lesser Beckoning, Vhi's Electric Charge, Teleport
                  | Other, Manifold Assault.
     0 | D:1      | Reached XP level 1. HP: 18/18 MP: 0/0
   283 | D:1      | Reached XP level 2. HP: 16/23 MP: 0/0
   543 | D:1      | Found a faded altar of an unknown god.
   887 | D:2      | Reached XP level 3. HP: 23/28 MP: 0/0
   887 | D:2      | Learned a level 1 spell: Kiss of Death
   907 | D:2      | Found Alloschu's Vocational Training.
  1153 | D:2      | Reached XP level 4. HP: 18/34 MP: 0/0
  2058 | D:3      | Found a blossoming altar of Fedhas.
  2062 | D:3      | Identified the +0 scale mail "Wompir" {rCorr Str+3 SInv}
  2099 | D:3      | Found a glowing drain.
  2110 | Sewer    | Entered a sewer
  2187 | Sewer    | Reached skill level 1 in Short Blades
  2187 | Sewer    | Reached XP level 5. HP: 28/30 MP: 0/0
  2187 | Sewer    | Learned a level 2 spell: Passwall
  2955 | D:3      | Reached XP level 6. HP: 30/30 MP: 0/0
  3036 | D:3      | Found an ornate altar of the Wu Jian Council.
  3095 | D:3      | Found a glowing golden altar of the Shining One.
  3183 | D:3      | Found a stormy altar of Qazlal.
  3491 | D:4      | Found Ypips's General Store.
  3548 | D:4      | Noticed a black bear
  3691 | D:4      | Found a broken altar of Ashenzari.
  3871 | D:4      | Killed a black bear
  3958 | D:4      | Found a snail-covered altar of Cheibriados.
  3965 | D:4      | Reached XP level 7. HP: 41/47 MP: 0/0
  3965 | D:4      | Learned a level 3 spell: Call Canine Familiar
  4275 | D:4      | Found a snail-covered altar of Cheibriados.
  4672 | D:5      | Entered Level 5 of the Dungeon
  5136 | D:5      | Reached skill level 1 in Throwing
  5388 | D:5      | Reached XP level 8. HP: 44/56 MP: 0/0
  6397 | D:6      | Slain by a wight

Illustrated notes

Levels and vault maps discovered:
D:1:      wheals_arrival_linesprint, layout_basic,
          shapermc_ecumenical_altar_hornbeckon
D:2:      layout_basic, nicolae_shop_vocational
D:3:      layout_loops_ring, nicolae_tso_besieged_by_evil,
          nicolae_qazlal_eye_of_the_storm, fedhas_altar_1,
          pdpol_wu_jian_five_deadly_venoms, gup_sewer_entry_pipe,
          kennysheep_generic_room_2
D:4:      nicolae_cairo_tiling_large, layout_cave_pools,
          evilmike_ruin_ashenzari, cheibriados_altar_1, serial_shops,
          kennysheep_little_box, kennysheep_small_circle
D:5:      layout_rooms
D:6:      hangedman_cross_stitches, layout_basic, mainiacjoe_overflow_alcove_1,
          mainiacjoe_overflow_six_doors_small, st_stairs_2,
          kennysheep_generic_room_13, uniq_grinder

Skill      XL: |  1  2  3  4  5  6  7  8 |
---------------+-------------------------+-----
Spellcasting   | 3 4 |  4.1
Short Blades   | 1 2 3 4 |  4.2
Dodging        | 3 |  3.8
Armour         | 2 3 4 |  4.8
Fighting       | 3 |  3.6
Throwing       | 1 |  1.7
Maces & Flails | |  1.9
Stealth        | |  0.6

Action                     |  1- 3 |  4- 6 |  7- 9 || total
---------------------------+-------+-------+-------++-------
  Melee: Mace              |    27 |       |       ||    27
         Dagger            |    55 |   247 |   220 ||   522
         Punch             |     1 |     5 |     3 ||     9
  Throw: Dart              |       |     2 |     4 ||     6
         Boomerang         |       |       |     3 ||     3
   Cast: Kiss of Death     |       |     4 |       ||     4
         Call Canine Famil |       |       |     3 ||     3
   Stab: Sleeping          |     1 |       |       ||     1
 Armour: Leather armour    |    24 |       |       ||    24
         Ring mail         |       |    99 |    67 ||   166
  Dodge: Dodged            |    46 |   124 |    92 ||   262

Table legend: (Time is in decaauts)
 A = Elapsed time spent in this place.
 B = Non-inter-level travel time spent in this place.
 C = Inter-level travel time spent in this place.
 D = Time resting spent in this place.
 E = Time spent auto-exploring this place.
 F = Levels seen in this place.
 G = Mean time per level.
                   A        B        C        D        E       F      G
               +--------+--------+--------+--------+--------+-----+--------+
         Total |   6358 |   6047 |    311 |    947 |   3150 |   7 |  908.3 |
       Dungeon |   5893 |   5582 |    311 |    941 |   2961 |   6 |  982.2 |
         Sewer |    464 |    464 |      0 |      6 |    189 |   1 |  464.0 |
               +--------+--------+--------+--------+--------+-----+--------+

Top non-repeatable levels by time:
     D:4: 1675 daAuts
     D:2: 1119 daAuts
     D:3: 1064 daAuts
     D:5: 1040 daAuts
     D:1: 818 daAuts
   Sewer: 464 daAuts
     D:6: 175 daAuts
